 Dungeon Crawl Stone Soup version 0.25-a0-510-ge065f6de7d (console) character file.

Game seed: 15455720387209169398, levelgen mode: deterministic

7 surprisetrex the Firebug (level 2, 17/20 HPs)
             Began as a Hill Orc Fire Elementalist on Feb 15, 2020.
             Quit the game on level 1 of the Dungeon.
             The game lasted 00:01:29 (234 turns).

surprisetrex the Firebug (HOFE)                      Turns: 234, Time: 00:01:30

Health: 17/20      AC:  2    Str: 10    XL:     2   Next: 4%
Magic:  4/4        EV: 12    Int: 15    God:
Gold:   22         SH:  0    Dex: 11    Spells: 3/4 levels left

rFire    . . .     SeeInvis .   i - +0 short sword
rCold    . . .     Gourm    .   (no shield)
rNeg     . . .     Faith    .   a - +0 robe
rPois    .         Spirit   .   (no helmet)
rElec    .         Reflect  .   (no cloak)
rCorr    .         Harm     .   (no gloves)
MR       .....                  (no boots)
Stlth    ++........             (no amulet)
HPRegen  0.06/turn              (no ring)
MPRegen  0.09/turn              (no ring)

@: no status effects
A: no striking features
a: no special abilities


You were on level 1 of the Dungeon.
You were not hungry.

You visited 1 branch of the dungeon, and saw 1 of its levels.

You collected 22 gold pieces.

Inventory:

Hand Weapons
 i - a +0 short sword (weapon)
Armour
 a - a +0 robe (worn)
Scrolls
 b - a scroll of enchant armour {unknown}
Potions
 d - a potion of curing {unknown}
 g - a potion of heal wounds {unknown}
 h - a potion of brilliance {unknown}
Comestibles
 c - 3 rations
 f - 4 chunks of flesh


   Skills:
 + Level 1.7 Dodging
 + Level 1.7 Stealth
 + Level 1.6 Spellcasting
 + Level 1.2 Conjurations
 + Level 3.4 Fire Magic


You had 3 spell levels left.
You knew the following spells:

 Your Spells              Type           Power        Failure   Level  Hunger
a - Foxfire               Conj/Fire      #...         9%          1    ##.....

Your spell library contained the following spells:

 Spells                   Type           Power        Failure   Level  Hunger
 Conjure Flame            Conj/Fire      #.......     26%         3    ####...
 Inner Flame              Hex/Fire       #.......     34%         3    ####...
 Sticky Flame             Conj/Fire      #.......     65%         4    #####..
 Fireball                 Conj/Fire      #.........   94%         5    ######.


Dungeon Overview and Level Annotations

Branches:
Dungeon (1/15)

Altars:


Message History

a +0 club; a goblin skeleton
Things that are here:
a +0 dagger; a stone; a kobold corpse
c - 3 rations (gained 1)
You now have 22 gold pieces (gained 15).
HP restored.
A bat comes into view.
Found a glowing short sword.
The bat hits you. The bat closely misses you.
You closely miss the bat. The bat barely misses you. The bat misses you.
You barely miss the bat. The bat barely misses you.
The bat hits you but does no damage.
You hit the bat.
The bat is moderately wounded.
The bat closely misses you. The bat hits you.
You hit the bat.
You kill the bat!
You have reached level 2!
Unknown command.
Are you sure you want to abandon this character and quit the game? (Confirm with "yes".)

.#....##...#
.#.....#...####
..............#
.#...[##......#
..(...##......#
...(#.##......#
##...)##......#
.....)....##############
.#.##...)..# #.@.....)#
.......##..####.########
.......##.......#
................#
...>#..##.......#
....#..##.......#
....#..###.#....#
....#..# #......#
....... .##....#


There were no monsters in sight!

Vanquished Creatures
  A bat (D:1)
  2 goblins (D:1)
  3 kobolds (D:1)
6 creatures vanquished.

Vanquished Creatures (others)
  10 foxfires (D:1)
10 creatures vanquished.

Grand Total: 16 creatures vanquished

Notes
Turn   | Place    | Note
-------+----------+-------------------------------------------
     0 | D:1      | surprisetrex the Hill Orc Fire Elementalist began the quest
                  | for the Orb.
     0 | D:1      | Reached XP level 1. HP: 14/14 MP: 3/3
   233 | D:1      | Reached XP level 2. HP: 17/20 MP: 4/4
   234 | D:1      | Quit the game

Levels and vault maps discovered:
D:1:      kennysheep_arrival_seaside, layout_basic, minmay_tiny_reverse_x

Action                   || total
-------------------------++-------
Melee: Short sword       ||     4
       Dagger            ||     3
 Cast: Foxfire           ||     5
Armor: Robe              ||     1
Dodge: Dodged            ||     7

Table legend:
 A = Non-vault XP
 B = Vault XP
 C = Vault XP percentage of total XP
 D = Non-vault monster count
 E = Vault monster count
 F = Vault count percentage of total count
                 A         B        C        D         E       F
            +---------+---------+-------+---------+---------+-------
      Total |      11 |       0 |   0.0 |       6 |       0 |   0.0
            +---------+---------+-------+---------+---------+-------
        D:1 |      11 |       0 |   0.0 |       6 |       0 |   0.0
            +---------+---------+-------+---------+---------+-------
